 Dungeon Crawl Stone Soup version 0.27.0-1-g7a089689b8 (webtiles) character file.

Game seed: 9904663687510278195

16012 kobby the Cleaver (level 12, -1/110 HPs)
             Began as a Naga Fighter on Aug 17, 2021.
             Was an Elder of Cheibriados.
             Slain by an orc warlord (20 damage)
             ... on level 1 of the Orcish Mines.
             The game lasted 00:32:33 (13386 turns).

kobby the Cleaver (Naga Fighter)                   Turns: 13386, Time: 00:32:34

Health: -1/110     AC: 15    Str: 32    XL:     12   Next: 33%
Magic:  16/27      EV: 12    Int: 22    God:    Cheibriados [****..]
Gold:   793        SH: 15    Dex: 21    Spells: 11/11 levels left

rFire    . . .     SeeInvis +   a - +4 war axe
rCold    . . .     Faith    .   c - +2 kite shield
rNeg     . . .     Spirit   .   y - +0 steam dragon scales
rPois    +         Reflect  .   u - +3 hat of Pondering {ponderous, Will+ MP+10 Int+5}
rElec    .         Harm     .   k - scarf {shadows}
rCorr    .         Rampage  .   p - +1 pair of gloves
Will     +++..                  (no barding)
Stlth    +++.......             (no amulet)
HPRegen  0.28/turn              (no ring)
MPRegen  0.20/turn              (no ring)

@: about to teleport, very slow
A: AC +4, large, see invisible, deformed body, poison resistance, slowness 2,
spit poison 1, naga tail 1, iridescent scales 1, strong-willed 1, passive freeze
a: Spit Poison, Renounce Religion, Bend Time, Temporal Distortion, Slouch


You were on level 1 of the Orcish Mines.
You worshipped Cheibriados.
Cheibriados was greatly pleased with you.
You visited 3 branches of the dungeon, and saw 14 of its levels.

You collected 793 gold pieces.

Inventory:

Hand Weapons
 a - a +4 war axe (weapon)
 l - a +2 spear of flaming
 x - a +0 broad axe
 z - the +3 rapier of Diet Blood {drain, rF+ rC+ Str-4 Int+9}
   (You found it on level 10 of the Dungeon)

   A truly terrible weapon, it drains the life of any living foe it strikes.
   Str:       It affects your strength (-4).
   Int:       It affects your intelligence (+9).
   rF:        It protects you from fire.
   rC:        It protects you from cold.
Missiles
 m - 4 throwing nets
Armour
 b - a +0 scale mail
 c - a +2 kite shield (worn)
 f - a +0 cloak
 k - a scarf of shadows (worn)
 p - a +1 pair of gloves (worn)
 u - the +3 hat of Pondering (worn) {ponderous, Will+ MP+10 Int+5}
   (You took it off Gastronok on level 8 of the Dungeon)

   Int:       It affects your intelligence (+5).
   MP:        It affects your magic capacity (+10).
   Will:      It increases your willpower.
 y - +0 steam dragon scales (worn)
 B - a +0 helmet
 D - a +0 troll leather armour
Jewellery
 e - a ring of wizardry
 t - a ring of protection from cold
Wands
 C - a wand of iceblast (7)
Scrolls
 g - 2 scrolls of amnesia
 h - 5 scrolls of immolation
 i - a scroll of holy word
 j - 14 scrolls of identify
 n - a scroll of teleportation
 s - a scroll of enchant armour
 w - a scroll of magic mapping
 E - a scroll of fog
Potions
 d - a potion of might
 o - a potion of cancellation
 q - a potion of flight
 r - a potion of ambrosia
 A - 2 potions of lignification


   Skills:
 + Level 7.8 Fighting
 + Level 11.3 Axes
 + Level 6.8 Armour
 + Level 4.6 Dodging
 + Level 5.6 Stealth
 + Level 7.4 Shields
 + Level 6.6 Invocations
 + Level 1.7 Evocations


You had 11 spell levels left.
You didn't know any spells.
Your spell library contained the following spells:

 Spells                   Type           Power      Damage    Failure   Level
 Animate Skeleton         Necr           0%         N/A       22%         1
 Corona                   Hex            0%         N/A       22%         1
 Pain                     Necr           0%         1d4       22%         1
 Shock                    Conj/Air       0%         1d3       22%         1
 Sting                    Tmut/Pois      0%         1d3       22%         1
 Ensorcelled Hibernation  Hex/Ice        0%         N/A       34%         2
 Poisonous Vapours        Pois/Air       0%         N/A       34%         2
 Conjure Flame            Conj/Fire      0%         6-21      56%         3
 Ignite Poison            Fire/Tmut/Pois 0%         N/A       56%         3
 Mephitic Cloud           Conj/Pois/Air  0%         N/A       56%         3
 Swiftness                Air            0%         N/A       56%         3
 Tukima's Dance           Hex            0%         N/A       56%         3
 Vampiric Draining        Necr           0%         2d6       56%         3
 Airstrike                Air            0%         N/A       92%         4
 Olgreb's Toxic Radiance  Pois           0%         N/A       92%         4
 Sticky Flame             Conj/Fire      0%         2d3       92%         4
 Alistair's Intoxication  Tmut/Pois      0%         N/A       99%         5
 Bolt of Magma            Conj/Fire/Erth 0%         4d4       99%         5
 Borgnjor's Vile Clutch   Necr/Erth      0%         N/A       99%         5
 Summon Forest            Summ/Tloc      0%         N/A       99%         5
 Summon Mana Viper        Hex/Summ       0%         N/A       99%         5
 Eringya's Noxious Bog    Tmut/Pois      0%         N/A       100%        6
 Shadow Creatures         Summ           N/A        N/A       100%        6


Dungeon Overview and Level Annotations

Branches:
Dungeon (12/15)            Temple (1/1) D:4             Orc (1/2) D:12
   Lair: D:8-11

Altars:
Ashenzari
Cheibriados
Dithmenos
Elyvilon
Fedhas
Gozag
Hepliaklqana
Kikubaaqudgha
Makhleb
Nemelex Xobeh
Okawaru
Qazlal
Ru
Sif Muna
Trog
Uskayaw
Vehumet
Wu Jian
Xom
Yredelemnul
Zin
The Shining One

Shops:
D:3 (   D:9 (


Innate Abilities, Weirdness & Mutations

Your serpentine skin is tough. (AC +4)
You have supernaturally acute eyesight. (SInv)
Armour fits poorly on your strangely shaped body.
Your system is resistant to poisons. (rPois)
You cover ground very slowly.
You can spit poison.
You have a snake-like lower body.
You are partially covered in iridescent scales. (AC +2)
You are strong-willed. (Will+)
A frigid envelope surrounds you and freezes all who hurt you.


Message History

You feel better.
An orc warrior comes into view. It is wielding a +0 mace.
The orc warlord hits you with a +2 long sword of distortion!
* * * LOW HITPOINT WARNING * * *
Space bends around you.
* * * LOW HITPOINT WARNING * * *
The orc warlord resists.
The orc warlord is very cold.
The orc warlord is lightly wounded.
Okay, then.
You can feel time thicken for a moment.
You kill the warg!
Cheibriados thoroughly appreciates the change of pace.
You kill the orc!
Cheibriados thoroughly appreciates the change of pace.
You kill the orc warrior!
Cheibriados appreciates the change of pace.
You can now step out of the flow of time.
Cheibriados raises the support of your attributes as your movement slows.
You kill the orc!
Cheibriados thoroughly appreciates the change of pace.
You kill the orc warrior!
Cheibriados thoroughly appreciates the change of pace.
You can no longer step out of the flow of time.
Cheibriados lowers the support of your attributes as your movement quickens.
You block the orc warlord's attack.
You can feel time thicken for a moment.
You kill the orc warrior!
Cheibriados appreciates the change of pace.
You kill the orc!
Cheibriados appreciates the change of pace.
Cheibriados lowers the support of your attributes as your movement quickens.
An orc comes into view. It is wielding a +0 short sword.
The orc warlord roars a battlecry!
The orc goes into a battle-frenzy!
As you read the scroll of teleportation, it crumbles to dust.
You feel strangely unstable. You block the orc warlord's attack.
The orc warlord blocks your attack.
The orc warlord is heavily wounded.
The orc warlord hits you with a +2 long sword of distortion!!
You die...

##............. ##
##.......##.. .#.#
#.......## . ....#
##......#
.#...#.###...#.##
..........#...####
...............##
.....#...#......#
$......##.#@#.##
$.......#))o####
...#.......O.#
........)$.).##
.....)).)..o.$#
.#...)...)....$..
.......$).......#
.....>..........#
..#......#..#...#


You could see an orc warlord, an ogre and an orc (strong).

Vanquished Creatures
  Gastronok (D:8)
  Nessos (D:12)
  A boulder beetle (D:11)
  3 two-headed ogres
  Erica (D:10)
  Sonja (D:12)
  A deep elf pyromancer (D:12)
  An orc sorcerer (Orc:1)
  2 cyclopes
  The ghost of Millie the Covered, a novice MiFi (D:5)
  Maggie (D:10)
  4 trolls
  A hornet (D:9)
  A meliai zombie (D:11)
  3 yaks (D:11)
  A wraith (D:12)
  A basilisk (D:12)
  2 vampire mosquitoes (D:12)
  A steam dragon (D:8)
  5 wargs
  Menkaure (D:7)
  2 water moccasins (D:7)
  10 orc warriors
  3 sky beasts
  2 ice beasts
  A necrophage (D:5)
  A black bear (D:6)
  A hornet zombie (D:8)
  3 ogres
  4 wolves (D:11)
  4 centaurs
  A phantom (D:5)
  2 kobold brigands
  A bullfrog (D:8)
  A gnoll sergeant (D:9)
  2 water moccasin skeletons (D:5)
  4 killer bees (D:10)
  2 centaur zombies
  A bullfrog zombie (D:5)
  5 hounds
  Crazy Yiuf (D:2)
  2 bullfrog skeletons (D:5)
  A gnoll shaman (D:6)
  2 orc priests
  A centaur skeleton (D:7)
  3 iguanas
  8 orc wizards
  3 killer bee zombies
  A hound zombie (D:5)
  A hound skeleton (D:4)
  A mummy (D:6)
  A howler monkey zombie (D:5)
  9 gnolls
  11 adders
  2 white imps (D:6)
  An adder skeleton (D:5)
  2 worms
  2 dart slugs (D:3)
  33 orcs
  5 endoplasms
  3 giant cockroaches
  6 goblins
  3 hobgoblins
  4 jackals
  17 kobolds
  3 quokkas
  3 ball pythons
  5 bats
  4 frilled lizards
  2 orc zombies (D:6)
  4 rats (D:1)
228 creatures vanquished.

Vanquished Creatures (others)
  14 fungi
  A plant (D:1)
  4 toadstools (D:11)
19 creatures vanquished.

Grand Total: 247 creatures vanquished

Notes
Turn   | Place    | Note
-------+----------+-------------------------------------------
     0 | D:1      | kobby the Naga Fighter began the quest for the Orb.
     0 | D:1      | Reached XP level 1. HP: 21/21 MP: 1/1
   121 | D:1      | Reached XP level 2. HP: 18/28 MP: 2/2
   544 | D:1      | Found a faded altar of an unknown god.
   997 | D:2      | Found an ornate altar of the Wu Jian Council.
  1059 | D:2      | Reached XP level 3. HP: 34/34 MP: 3/3
  1780 | D:2      | Found a runed translucent door.
  1781 | D:2      | Noticed Crazy Yiuf
  1791 | D:2      | Gained mutation: A frigid envelope surrounds you and
                  | freezes all who hurt you. [potion of mutation]
  1791 | D:2      | Gained mutation: You are strong-willed. (Will+) [potion of
                  | mutation]
  1791 | D:2      | Gained mutation: You are partially covered in iridescent
                  | scales. (AC +2) [potion of mutation]
  1822 | D:2      | Killed Crazy Yiuf
  1823 | D:2      | Reached XP level 4. HP: 40/42 MP: 4/4
  2018 | D:3      | Reached XP level 5. HP: 49/49 MP: 5/5
  2026 | D:3      | Reached skill level 3 in Axes
  2089 | D:3      | Reached skill level 1 in Stealth
  2208 | D:3      | Found Rintattasui's Weapon Shop.
  2586 | D:4      | Found a staircase to the Ecumenical Temple.
  2596 | Temple   | Entered the Ecumenical Temple
  2640 | Temple   | Became a worshipper of Cheibriados the Contemplative
  2769 | D:4      | Reached XP level 6. HP: 47/56 MP: 6/6
  3376 | D:5      | Entered Level 5 of the Dungeon
  3385 | D:5      | Reached skill level 1 in Invocations
  3390 | D:5      | Reached XP level 7. HP: 24/63 MP: 6/8
  3636 | D:5      | Reached skill level 4 in Axes
  3647 | D:5      | Reached * piety under Cheibriados
  3648 | D:5      | Reached skill level 1 in Dodging
  3757 | D:5      | Found a runed translucent gate.
  3757 | D:5      | Found a runed translucent gate.
  3758 | D:5      | Found a runed translucent gate.
  3865 | D:5      | Noticed Millie's ghost (novice MiFi)
  4096 | D:5      | Found a burning altar of Makhleb.
  4274 | D:5      | Reached skill level 5 in Axes
  4274 | D:5      | Reached XP level 8. HP: 72/72 MP: 10/10
  4329 | D:5      | Killed Millie's ghost
  4488 | D:6      | Reached ** piety under Cheibriados
  4808 | D:6      | Reached skill level 6 in Axes
  5139 | D:6      | Reached XP level 9. HP: 69/80 MP: 12/12
  5259 | D:6      | Reached skill level 5 in Armour
  5344 | D:6      | Reached skill level 5 in Invocations
  5631 | D:7      | Reached skill level 5 in Fighting
  5717 | D:7      | Noticed Menkaure
  5722 | D:7      | Killed Menkaure
  5723 | D:7      | Reached skill level 7 in Axes
  7031 | D:8      | Noticed Gastronok
  7543 | D:8      | Reached *** piety under Cheibriados
  7843 | D:9      | Noticed a hornet
  7851 | D:9      | Killed a hornet
  7852 | D:9      | Reached XP level 10. HP: 32/88 MP: 14/14
  8134 | D:9      | Reached skill level 8 in Axes
  8141 | D:9      | Reached skill level 5 in Shields
  8285 | D:9      | Found Pokash's Weapon Emporium.
  8367 | D:9      | Noticed a two-headed ogre
  8794 | D:9      | Killed a two-headed ogre
  9097 | D:9      | HP: 1/91 [electric eel/bolt of electricity (9)]
  9498 | D:10     | Entered Level 10 of the Dungeon
  9511 | D:10     | Reached **** piety under Cheibriados
 10453 | D:10     | Noticed Maggie
 10463 | D:10     | Killed Maggie
 10619 | D:10     | Identified the +3 rapier of Diet Blood {drain, rF+ rC+
                  | Str-4 Int+9}
 10626 | D:10     | Noticed Erica
 10632 | D:10     | Killed Erica
 10633 | D:10     | Reached skill level 9 in Axes
 11231 | D:8      | Killed Gastronok
 11232 | D:8      | Reached skill level 1 in Evocations
 11232 | D:8      | Reached XP level 11. HP: 73/99 MP: 15/15
 11457 | D:11     | Noticed a boulder beetle
 11474 | D:11     | Killed a boulder beetle
 11505 | D:11     | Reached skill level 10 in Axes
 11721 | D:11     | Noticed a two-headed ogre
 11726 | D:11     | Killed a two-headed ogre
 12008 | D:11     | Noticed a cyclops
 12021 | D:11     | Killed a cyclops
 12183 | D:12     | Noticed a cyclops
 12187 | D:12     | Reached ***** piety under Cheibriados
 12198 | D:12     | Killed a cyclops
 12401 | D:12     | Noticed Nessos
 12407 | D:12     | Killed Nessos
 12570 | D:12     | Noticed a deep elf pyromancer
 12764 | D:12     | Killed a deep elf pyromancer
 12765 | D:12     | Reached skill level 5 in Stealth
 12765 | D:12     | Reached XP level 12. HP: 42/109 MP: 16/16
 13026 | D:12     | Noticed Sonja
 13032 | D:12     | Reached skill level 11 in Axes
 13036 | D:12     | Killed Sonja
 13169 | D:12     | Noticed a two-headed ogre
 13175 | D:12     | Killed a two-headed ogre
 13229 | D:12     | Found a staircase to the Orcish Mines.
 13245 | Orc:1    | Entered Level 1 of the Orcish Mines
 13367 | Orc:1    | Noticed an orc warlord
 13386 | Orc:1    | Slain by an orc warlord

Illustrated notes

Levels and vault maps discovered:
D:1:      dpeg_arrival_fog, layout_loops_ring,
          shapermc_ecumenical_altar_acropolis
D:2:      layout_rooms, basic_altar, minmay_misc_feat_secret_circle,
          kennysheep_big_empty_room, uniq_crazy_yiuf_cottage
D:3:      layout_basic, serial_shops, nicolae_square_shop, bh_walls_and_bars
D:4:      layout_basic, minmay_temple_entry_statues
D:5:      layout_basic, lemuel_round_altar, gammafunk_ghost_necromancy,
          grunt_tough_drop
D:6:      layout_rooms, nicolae_ossuary_entry_giza
D:7:      layout_rooms, uniq_menkaure
D:8:      layout_gridville, item_on_display_a, uniq_gastronok
D:9:      layout_big_octagon, serial_shops, shop, fungi_pond_lemuel,
          minmay_crystal_room
D:10:     layout_basic, uniq_maggie, uniq_erica
D:11:     layout_loops_ring, erik_lair_island, minmay_gold_behind_fungi,
          uniq_nergalle
D:12:     layout_rooms, minmay_orc_entry_guard_dogs, minmay_fountain_box,
          uniq_sonja, uniq_nessos
Temple:   nicolae_temple_the_god_donut
Orc:1:    layout_caves

Skill      XL: |  1  2  3  4  5  6  7  8  9 10 11 12 |
---------------+-------------------------------------+-----
Armour         | 3 4 5 6 |  6.8
Shields        | 3 4 6 7 |  7.4
Axes           | 3 5 6 7 9 10 11 | 11.3
Stealth        | 1 2 3 5 |  5.6
Invocations    | 1 3 4 6 |  6.6
Dodging        | 1 2 3 4 |  4.6
Fighting       | 4 5 6 7 |  7.8
Evocations     | 1 |  1.7

Action                   |  1- 3 |  4- 6 |  7- 9 | 10-12 || total
-------------------------+-------+-------+-------+-------++-------
Melee: War axe           |    84 |    60 |   202 |   232 ||   578
Invok: Slouch            |       |       |       |     4 ||     4
Evoke: Wand              |       |       |     5 |     5 ||    10
  Use: Scroll            |     7 |     4 |     7 |     8 ||    26
       Potion            |     3 |     1 |    11 |     3 ||    18
 Stab: Sleeping          |       |       |       |     4 ||     4
       Distracted        |       |       |       |     1 ||     1
Armor: Scale mail        |    36 |    32 |   136 |    25 ||   229
       Steam dragon scal |       |       |       |    62 ||    62
Dodge: Dodged            |    18 |    18 |    76 |    91 ||   203
Block: Kite shield       |    47 |    30 |   169 |   205 ||   451
